Map: Apotheosis LE

Players

Hayate - Winner!

  • Race: Terran Terran
  • League: Gold

Nickos

  • Race: Terran Terran
  • League: Silver

VOD

Have the link to the VOD?

Description

Time

  • Played on: Sept. 16, 2016, 3:57 a.m.
  • Length: 4:04
Show
View Real Time Build Order
Export as new Build Order

Hayate Terran - Winner!

Build Orders:  

Get SALT Encoding   

  12  0:03  SCV  
  13  0:15  SCV  
  14  0:26  Supply Depot  
  14  0:27  SCV  
  15  0:37  Refinery  
  15  0:47  SCV  
  16  0:51  Barracks  
  16  0:59  Barracks  
  16  1:06  Refinery  
  16  1:12  SCV  
  17  1:28  Barracks  
  17  1:30  SCV  
  18  1:39  Supply Depot  
  18  1:44  Reaper  
  19  1:49  Barracks Reactor  
  19  1:52  SCV  
  20  2:05  SCV  
  21  2:17  Barracks Reactor  
  21  2:27  SCV  
  22  2:37  Reaper x2  
  22  2:39  Reaper, SCV  
  25  2:51  SCV  
  25  3:03  SCV  
  26  3:08  Reaper x2  
  26  3:09  Reaper  
  29  3:14  Reaper  
  29  3:15  SCV  
  31  3:31  Supply Depot  
  31  3:37  Supply Depot  
Show
View Real Time Build Order
Export as new Build Order

Nickos Terran 

Build Orders: Reaper Expand 

Get SALT Encoding   

  12  0:01  SCV  
  13  0:13  SCV  
  14  0:21  Supply Depot  
  14  0:25  SCV  
  15  0:43  SCV  
  15  0:46  Barracks  
  15  0:47  Refinery  
  16  0:55  SCV  
  17  1:07  SCV  
  18  1:23  SCV  
  19  1:33  Reaper  
  19  1:38  Command Center  
  20  1:43  Orbital Command  
  20  1:59  Supply Depot  
  20  2:08  Marine  
  21  2:10  Barracks  
  21  2:14  SCV  
  22  2:18  Refinery  
  22  2:26  SCV, Marine  
  23  2:38  SCV  
  23  2:39  Factory  
  24  3:03  Orbital Command, SCV  
  24  3:07  Barracks Reactor  
  24  3:08  Barracks Tech Lab  
  24  3:15  SCV  
  24  3:16  Supply Depot  
  25  3:27  SCV  
  25  3:31  Starport  
  26  3:36  Marine  
Tags
 
Add a new tag
Caveats
  • Supply blocks, unpowered buildings, or Contaminate may cause inaccurate times.
  • Supply counts are checked every 10 seconds.